 Dungeon Crawl Stone Soup version 0.30-a0-187-gd9c2deaf24 (webtiles) character file.

Game seed: 10487133698543396255

879 NinjaNoafa the Slasher (level 7, -3/90 HPs)
             Began as an Armataur Monk on Oct 3, 2022.
             Was an Initiate of Gozag.
             Slain by Pikel
             ... wielding a +0 whip of electrocution
              (9 damage)
             ... on level 5 of the Dungeon.
             The game lasted 00:11:13 (3763 turns).

NinjaNoafa the Slasher (Armataur Monk)              Turns: 3763, Time: 00:11:13

Health: -3/90      AC: 23    Str: 11 (17) XL:     7   Next: 75%
Magic:  11/11      EV:  1    Int:  6 (12) God:    Gozag
Gold:   625        SH:  0    Dex: 10 (12) Spells: 11/12 levels left

rFire   . . .      SeeInvis .    u - +2 falchion (drain)
rCold   . . .      Faith    .    (no shield)
rNeg    . . .      Spirit   .    (body armour currently unavailable)
rPois   +          Reflect  .    (helmet currently unavailable)
rElec   .          Harm     .    (cloak currently unavailable)
rCorr   .          Roll     +    (gloves currently unavailable)
Will    .....      NoTele   +    (no barding)
Stlth   ++........               m - amulet of magic regeneration
HPRegen 0.35/turn                y - +4 ring of evasion
MPRegen 0.52/turn                t - ring of poison resistance

@: tree-form (expiring), unable to read
A: stationary, stasis, torment immunity, boosted hp, large, rugged brown scales
3, (deformed body), (armoured tail), roll, long tongue, awkward tongue, (horns
1), (talons 1), inability to read after injury 1
a: Renounce Religion, Potion Petition, Call Merchant, Bribe Branch


You were on level 5 of the Dungeon.
You worshipped Gozag.
Gozag was pleased with you.
You were a tree.
You visited 2 branches of the dungeon, and saw 7 of its levels.

You collected 625 gold pieces.

Inventory:

Hand Weapons
 u - a +2 falchion of draining (weapon)
Missiles
 g - 40 stones
 o - 4 javelins (quivered)
 s - 10 boomerangs
Armour
 c - a +0 cloak (melded)
 n - a +3 leather armour (melded)
 A - a +0 helmet (melded)
Jewellery
 a - a ring of protection from cold
 m - an amulet of magic regeneration (around neck)
 p - a ring of flight
 t - a ring of poison resistance (right branch)
 y - a +4 ring of evasion (left branch)
Scrolls
 b - 2 scrolls of butterflies
 d - a scroll of teleportation
 e - a scroll of enchant weapon {unknown}
 f - 2 scrolls of amnesia {unknown}
 h - a scroll of blinking {unknown}
 i - a scroll of noise {unknown}
 j - 4 scrolls of identify {unknown}
 l - a scroll of poison {unknown}
 z - a scroll of vulnerability {unknown}
 B - a scroll of summoning {unknown}
Potions
 r - a potion of degeneration
 w - a potion of flight


   Skills:
 - Level 3.0 Fighting
 - Level 5.0 Long Blades
 - Level 2.1 Dodging
 - Level 2.1 Stealth
 - Level 3.0 Spellcasting
 + Level 0.8 Hexes
 - Level 5.0 Summonings


You had 11 spell levels left.
You knew the following spells:

 Your Spells              Type           Power      Damage    Failure   Level
a - Summon Small Mammal   Summ           24%        N/A       4%          1

Your spell library contained the following spells:

 Spells                   Type           Power      Damage    Failure   Level
 Call Canine Familiar     Summ           6%         N/A       14%         3
 Summon Guardian Golem    Hex/Summ       4%         N/A       34%         3
 Cigotuvi's Dreadful Rot  Necr/Pois/Air  0%         N/A       50%         2
 Dispel Undead            Necr           0%         3d6       98%         4
 Death Channel            Necr           0%         N/A       100%        6


Dungeon Overview and Level Annotations

Branches:
Dungeon (6/15)             Temple (1/1) D:4

Altars:
Cheibriados
Elyvilon
Gozag
Hepliaklqana
Kikubaaqudgha
Makhleb
Nemelex Xobeh
Okawaru
Ru
Uskayaw
Vehumet
Xom
Zin
The Shining One

Shops:
D:5 :

Annotations:
D:5 3 runed translucent doors, Pikel


Innate Abilities, Weirdness & Mutations

You are a tree.
Your roots penetrate the ground, keeping you stationary.
You cannot be teleported.
You are immune to unholy pain and torment.
Your maximum health is greatly increased.
Your equipment is partially melded.
(You are completely covered in rugged brown scales. (AC +3, +7% HP))
((Armour fits poorly on your strangely shaped body.))
((You have a long armoured tail.))
You roll when moving toward enemies. (Rampage)
Your long tongue fully drains potion bottles. (2x potion effects)
Your tongue gives you trouble enunciating. (1.5x scroll delay)
((You have a pair of small horns on your head.))
((You have sharp toenails.))
You occasionally lose the ability to read scrolls when taking damage.


Message History

It was a potion of flight.
Your roots keep you in place.
Pikel hits you but does no damage. The lemure is attracted toward you.
Okay, then.
Level annotation: 3 runed translucent doors, Pikel Welcome back, NinjaNoafa the Armataur Monk.
Gozag says: Greed is good.
Press ? for a list of commands and other information.
Okay, then.
It was a potion of curing.
You feel better. The lemure hits you but does no damage.
Pikel hits you but does no damage.
You are electrocuted!
* * * LOW HITPOINT WARNING * * *
The lemure is attracted toward you.
It was a potion of mutation.
You feel extremely strange.
Your toenails lengthen and sharpen.
You occasionally lose the ability to read scrolls when taking damage.
A pair of horns grows on your head!
The lemure shouts!
You hear a shout!
The lemure hits you but does no damage. Pikel hits you but does no damage.
The lemure is attracted toward you.
You feel less attractive to monsters.
You barely miss Pikel.
Pikel is moderately wounded.
The lemure hits you but does no damage. Pikel hits you but does no damage.
You barely miss Pikel.
Pikel is moderately wounded.
Your transformation is almost over.
The lemure hits you but does no damage. Pikel hits you but does no damage.
You are electrocuted!!
You feel threatened and lose the ability to read scrolls!
* * * LOW HITPOINT WARNING * * *
Okay, then.
You cannot read scrolls in your current state!
You barely miss Pikel.
Pikel is moderately wounded.
The lemure hits you but does no damage.
Pikel hits you with a +0 whip of electrocution.
* * * LOW HITPOINT WARNING * * *
You are electrocuted!
You die...
Your body crumbles into a pile of gold.

.. ............#....#
.# #.<.........+...#
.###...........+...#
.. #####(#####.+...#$
$ #. #..####.#...##
#.## #.......#....#
#..# #......5##....#
##.## #......55###.$.
##))####......5K♣.#
#.
###.).##.!.....##...#
.))...##.......#
##.....
#.###....####### ##..
#... ..)## .
###..##... . ..# .###
# ..# # # #<#


You could see Pikel (drained) and 4 lemures.

Vanquished Creatures
  Grinder (D:3)
  An orc warrior (D:6)
  A sky beast (D:5)
  A black bear (D:4)
  A phantom (D:5)
  A howler monkey (D:4)
  An orc priest (D:4)
  2 hounds
  An iguana (D:3)
  2 orc wizards
  2 adders (D:4)
  A shadow imp (D:6)
  A worm (D:3)
  2 dart slugs
  17 orcs
  5 endoplasms
  2 giant cockroaches
  3 goblins
  5 hobgoblins
  5 kobolds
  4 quokkas
  3 ball pythons
  2 bats
  2 frilled lizards (D:3)
  4 rats (D:1)
70 creatures vanquished.

Vanquished Creatures (others)
  An orc (D:6)
1 creature vanquished.

Grand Total: 71 creatures vanquished

Notes
Turn   | Place    | Note
-------+----------+-------------------------------------------
     0 | D:1      | NinjaNoafa the Armataur Monk began the quest for the Orb.
     0 | D:1      | Reached XP level 1. HP: 19/19 MP: 1/1
   327 | D:1      | Reached XP level 2. HP: 20/26 MP: 2/2
   983 | D:2      | Found a faded altar of an unknown god.
  1756 | D:2      | Prayed at the altar of an unknown god.
  1756 | D:2      | Became a worshipper of Gozag Ym Sagoz the Greedy
  1795 | D:3      | Reached XP level 3. HP: 32/32 MP: 3/3
  1990 | D:3      | Noticed Grinder
  2001 | D:3      | Reached XP level 4. HP: 32/39 MP: 4/4
  2012 | D:3      | Killed Grinder
  2013 | D:3      | Reached skill level 5 in Long Blades
  2013 | D:3      | Reached XP level 5. HP: 15/44 MP: 4/8
  2013 | D:3      | Reached XP level 6. HP: 18/53 MP: 4/9
  2648 | D:4      | Found a staircase to the Ecumenical Temple.
  2668 | Temple   | Entered the Ecumenical Temple
  3014 | D:4      | Found an opulent altar of Gozag.
  3026 | D:4      | Reached XP level 7. HP: 56/59 MP: 10/10
  3438 | D:5      | Entered Level 5 of the Dungeon
  3526 | D:5      | Reached skill level 5 in Summonings
  3569 | D:5      | Found Poum Kiudgho's Book Emporium.
  3576 | D:5      | Learned a level 1 spell: Summon Small Mammal
  3585 | D:5      | Noticed a yak
  3586 | D:5      | Noticed a yak
  3586 | D:5      | Noticed a yak
  3587 | D:5      | Noticed a yak
  3587 | D:5      | Noticed a yak
  3702 | D:5      | Noticed a yak
  3713 | D:5      | Noticed Pikel
  3719 | D:5      | Found a runed translucent gate.
  3719 | D:5      | Found a runed translucent gate.
  3719 | D:5      | Found a runed translucent gate.
  3760 | D:5      | Gained mutation: You have sharp toenails. [potion of
                  | mutation]
  3760 | D:5      | Gained mutation: You occasionally lose the ability to read
                  | scrolls when taking damage. [potion of mutation]
  3760 | D:5      | Gained mutation: You have a pair of small horns on your
                  | head. [potion of mutation]
  3763 | D:5      | Slain by Pikel

Illustrated notes

Levels and vault maps discovered:
D:1:      erik_arrival_triangle_small, layout_basic
D:2:      layout_basic, shapermc_ecumenical_altar_mp_highgroup,
          kennysheep_generic_room_2
D:3:      layout_rooms, minivault_23, uniq_grinder
D:4:      layout_loops_ring, lemuel_tele_altar, minmay_temple_entry_large_hall
D:5:      layout_rooms, serial_shops, shop, gammafunk_ghost_icy, uniq_pikel
D:6:      layout_rooms, portal_sewer_entry_e, kennysheep_generic_room_15
Temple:   cyrus_circular_temple

Skill      XL: |  1  2  3  4  5  6  7 |
---------------+----------------------+-----
Long Blades    | 3 4 5 |  5.0
Spellcasting   | 2 3 |  3.0
Summonings     | 2 4 5 |  5.0
Fighting       | 3 |  3.0
Dodging        | |  2.1
Stealth        | |  2.1
Hexes          | |  0.8

Action                   |  1- 3 |  4- 6 |  7- 9 || total
-------------------------+-------+-------+-------++-------
Melee: Falchion          |    93 |    78 |    75 ||   246
       Tailslap          |    11 |     6 |     7 ||    24
       Punch             |     1 |     1 |     2 ||     4
Throw: Javelin           |     4 |     2 |     2 ||     8
Evoke: Wand              |       |       |     2 ||     2
  Use: Potion            |     1 |       |     6 ||     7
       Scroll            |       |       |     3 ||     3
 Stab: Sleeping          |     4 |     1 |       ||     5
       Distracted        |     1 |       |       ||     1
Armor: Robe              |     7 |       |       ||     7
       Leather armour    |    25 |    32 |    29 ||    86
       Skin              |       |       |    13 ||    13
Dodge: Dodged            |    50 |    30 |    60 ||   140

Table legend: (Time is in decaauts)
 A = Elapsed time spent in this place.
 B = Non-inter-level travel time spent in this place.
 C = Inter-level travel time spent in this place.
 D = Time resting spent in this place.
 E = Time spent auto-exploring this place.
 F = Levels seen in this place.
 G = Mean time per level.
                   A        B        C        D        E       F      G
               +--------+--------+--------+--------+--------+-----+--------+
         Total |   3764 |   3411 |    353 |      0 |   2588 |   7 |  537.7 |
       Dungeon |   3692 |   3344 |    348 |      0 |   2534 |   6 |  615.3 |
        Temple |     71 |     66 |      5 |      0 |     54 |   1 |   71.0 |
               +--------+--------+--------+--------+--------+-----+--------+

Top non-repeatable levels by time:
     D:1: 892 daAuts
     D:4: 880 daAuts
     D:2: 880 daAuts
     D:3: 728 daAuts
     D:5: 217 daAuts
     D:6: 93 daAuts
  Temple: 71 daAuts
